 Dungeon Crawl Stone Soup version 0.26.1-2-gb8aa6d0cf2 (webtiles) character file.

Game seed: 1439229324989710958

143 FishyPogo the Insei (level 5, -1/40 HPs)
             Began as a Gnoll Transmuter on Mar 2, 2021.
             Slain by an iguana (7 damage)
             ... on level 4 of the Dungeon.
             The game lasted 00:03:14 (1099 turns).

FishyPogo the Insei (Gnoll Transmuter)              Turns: 1099, Time: 00:03:15

Health: -1/40      AC:  2    Str: 13    XL:     5   Next: 25%
Magic:  8/12       EV: 23    Int: 16    God:
Gold:   31         SH:  0    Dex: 20    Spells: 8/14 levels left

rFire    . . .     SeeInvis .     - Unarmed
rCold    . . .     Faith    .   (shield currently unavailable)
rNeg     . . .     Spirit   .   (armour currently unavailable)
rPois    x         Reflect  .   (helmet currently unavailable)
rElec    .         Harm     .   (cloak currently unavailable)
rCorr    .         Rampage  .   (gloves currently unavailable)
Will     .....                  (boots currently unavailable)
Stlth    ++........             (no amulet)
HPRegen  0.13/turn              (no ring)
MPRegen  0.13/turn              (no ring)

@: spider-form (expiring)
A: tiny, distributed training, strong nose
a: End Transformation


You were on level 4 of the Dungeon.
You were a venomous arachnid creature.
You visited 1 branch of the dungeon, and saw 4 of its levels.

You collected 31 gold pieces.

Inventory:

Hand Weapons
 k - a +1 vorpal hunting sling
Missiles
 e - 7 poisoned darts
 h - 3 boomerangs
 j - 29 stones
Armour
 a - a +0 robe (melded)
 m - a +0 pair of gloves (melded)
Scrolls
 b - 2 scrolls of identify {unknown}
 g - a scroll of remove curse {unknown}
 i - a scroll of teleportation {unknown}
Potions
 c - a potion of curing {unknown}
 d - 2 potions of might {unknown}
 f - a potion of heal wounds {unknown}
 l - a potion of resistance {unknown}


   Skills:
 + Level 2.9 Fighting
 + Level 1.4 Short Blades
 + Level 1.4 Long Blades
 + Level 1.4 Axes
 + Level 1.4 Maces & Flails
 + Level 1.4 Polearms
 + Level 1.4 Staves
 + Level 1.4 Slings
 + Level 1.4 Bows
 + Level 1.4 Crossbows
 + Level 1.4 Throwing
 + Level 1.4 Armour
 + Level 4.7 Dodging
 + Level 1.4 Stealth
 + Level 1.4 Shields
 + Level 6.7 Unarmed Combat
 + Level 5.2 Spellcasting
 + Level 1.1 Conjurations
 + Level 1.1 Hexes
 + Level 1.1 Summonings
 + Level 1.1 Necromancy
 + Level 1.1 Translocations
 + Level 3.9 Transmutations
 + Level 1.1 Fire Magic
 + Level 1.1 Ice Magic
 + Level 1.1 Air Magic
 + Level 1.1 Earth Magic
 + Level 1.1 Poison Magic
 + Level 1.6 Invocations
 + Level 1.4 Evocations


You had 8 spell levels left.
You knew the following spells:

 Your Spells              Type           Power        Failure   Level
s - Spider Form           Tmut/Pois      6%           34%         3
u - Wereblood             Tmut           16%          13%         2
y - Beastly Appendage     Tmut           32%          11%         1

Your spell library contained the following spells:

 Spells                   Type           Power        Failure   Level
 Ice Form                 Ice/Tmut       12%          67%         4
 Blade Hands              Tmut           8%           82%         5


Dungeon Overview and Level Annotations

Branches:
Dungeon (4/15)             Temple (0/1) D:4

Altars:


Innate Abilities, Weirdness & Mutations

Your experience applies equally to all skills.
((You have very sharp teeth.))
Your uncanny sense of smell can sniff out nearby items.


Message History

Your transformation is almost over.
You hit the ogre.
You kill the ogre!
Your Conjurations skill increases to level 1!
Your Hexes skill increases to level 1!
Your Summonings skill increases to level 1!
Your Necromancy skill increases to level 1!
Your Translocations skill increases to level 1!
Your Fire Magic skill increases to level 1!
Your Ice Magic skill increases to level 1!
Your Air Magic skill increases to level 1!
Your Earth Magic skill increases to level 1!
Your Poison Magic skill increases to level 1!
You have reached level 4!
You feel stronger.
You have reached level 5!
You hit the iguana.
The iguana is lightly wounded.
The iguana bites you!
You die...

###..####
#./.....#
##.8.8.8.#
###...⌠.⌠..## #
#....8.>.8...
#.#(#...⌠.⌠..#
#####.#.#.l8.8.8.#
#.......<.)s.....#
.###.#.#.##.....#
#.#.# #.#.## #....
...# ###... ..#
##### ###


You could see an iguana.

Vanquished Creatures
  An ogre (D:4)
  4 adders
  A goblin (D:2)
  A hobgoblin (D:2)
  3 jackals (D:3)
  A ball python (D:2)
  3 bats (D:2)
  4 frilled lizards
  3 kobolds
  5 rats
26 creatures vanquished.

Notes
Turn   | Place    | Note
-------+----------+-------------------------------------------
     0 | D:1      | FishyPogo the Gnoll Transmuter began the quest for the Orb.
     0 | D:1      | Reached XP level 1. HP: 17/17 MP: 6/6
   357 | D:2      | Reached XP level 2. HP: 23/23 MP: 5/7
   455 | D:2      | Reached skill level 5 in Spellcasting
   455 | D:2      | Reached XP level 3. HP: 26/28 MP: 6/9
   458 | D:2      | Learned a level 2 spell: Wereblood
   462 | D:2      | Learned a level 3 spell: Spider Form
   835 | D:3      | Reached skill level 1 in Invocations
   864 | D:3      | Reached skill level 1 in Short Blades
   864 | D:3      | Reached skill level 1 in Long Blades
   864 | D:3      | Reached skill level 1 in Axes
   864 | D:3      | Reached skill level 1 in Maces & Flails
   864 | D:3      | Reached skill level 1 in Polearms
   864 | D:3      | Reached skill level 1 in Staves
   864 | D:3      | Reached skill level 1 in Slings
   864 | D:3      | Reached skill level 1 in Bows
   864 | D:3      | Reached skill level 1 in Crossbows
   864 | D:3      | Reached skill level 1 in Throwing
   864 | D:3      | Reached skill level 1 in Armour
   864 | D:3      | Reached skill level 1 in Stealth
   864 | D:3      | Reached skill level 1 in Shields
   864 | D:3      | Reached skill level 1 in Evocations
  1022 | D:4      | Found a staircase to the Ecumenical Temple.
  1022 | D:4      | Noticed an ogre
  1098 | D:4      | Killed an ogre
  1099 | D:4      | Reached skill level 1 in Conjurations
  1099 | D:4      | Reached skill level 1 in Hexes
  1099 | D:4      | Reached skill level 1 in Summonings
  1099 | D:4      | Reached skill level 1 in Necromancy
  1099 | D:4      | Reached skill level 1 in Translocations
  1099 | D:4      | Reached skill level 1 in Fire Magic
  1099 | D:4      | Reached skill level 1 in Ice Magic
  1099 | D:4      | Reached skill level 1 in Air Magic
  1099 | D:4      | Reached skill level 1 in Earth Magic
  1099 | D:4      | Reached skill level 1 in Poison Magic
  1099 | D:4      | Reached XP level 4. HP: 5/34 MP: 8/11
  1099 | D:4      | Reached XP level 5. HP: 6/40 MP: 8/12
  1099 | D:4      | Slain by an iguana

Illustrated notes

Levels and vault maps discovered:
D:1:      psy_arrival_statuary, layout_basic, hangedman_abyss_or_decor_stabs,
          cheibriados_altar_1
D:2:      layout_loops_ring
D:3:      layout_basic
D:4:      layout_loops_corners, makhleb_altar_promises_db,
          nicolae_overflow_hidden_temple, minmay_temple_entry_statues_fountains

Skill      XL: |  1  2  3 |
---------------+----------+-----
Spellcasting   | 5 |  5.2
Invocations    | 1 |  1.6
Short Blades   | 1 |  1.4
Long Blades    | 1 |  1.4
Axes           | 1 |  1.4
Maces & Flails | 1 |  1.4
Polearms       | 1 |  1.4
Staves         | 1 |  1.4
Slings         | 1 |  1.4
Bows           | 1 |  1.4
Crossbows      | 1 |  1.4
Throwing       | 1 |  1.4
Armour         | 1 |  1.4
Stealth        | 1 |  1.4
Shields        | 1 |  1.4
Evocations     | 1 |  1.4
Conjurations   | 1 |  1.1
Hexes          | 1 |  1.1
Summonings     | 1 |  1.1
Necromancy     | 1 |  1.1
Translocations | 1 |  1.1
Fire Magic     | 1 |  1.1
Ice Magic      | 1 |  1.1
Air Magic      | 1 |  1.1
Earth Magic    | 1 |  1.1
Poison Magic   | 1 |  1.1
Fighting       | |  2.9
Dodging        | |  4.7
Unarmed Combat | |  6.7
Transmutations | |  3.9

Action                   |  1- 3 |  4- 6 || total
-------------------------+-------+-------++-------
Melee: Unarmed           |    58 |     1 ||    59
       Kick              |     9 |       ||     9
       Bite              |     5 |       ||     5
       Headbutt          |     7 |       ||     7
 Cast: Beastly Appendage |    15 |       ||    15
       Spider Form       |     1 |       ||     1
 Stab: Sleeping          |     2 |       ||     2
Armor: Robe              |    12 |       ||    12
Dodge: Dodged            |    35 |       ||    35
